 Dungeon Crawl Stone Soup version 0.31-a0-202-g547052bce9 (webtiles) character file.

Game seed: 2328960875808575030

37 qw the Shooter (level 3, -4/20 HPs)
             Began as a Deep Elf Hunter on June 26, 2023.
             Killed from afar by Sigmund (6 damage)
             ... with a magic dart
             ... on level 2 of the Dungeon.
             The game lasted 00:00:19 (721 turns).

qw the Shooter (Deep Elf Hunter)                     Turns: 721, Time: 00:00:19

Health: -4/20      AC:  5    Str: 10    XL:     3   Next: 23%
Magic:  5/5        EV: 12    Int: 13    God:
Gold:   62         SH:  0    Dex: 18    Spells: 2/2 levels left

rFire   . . .        Y - +0 shortbow
rCold   . . .        (shield currently unavailable)
rNeg    . . .        c - +0 leather armour
rPois   .            d - +0 helmet
rElec   .            (no cloak)
rCorr   .            m - +0 pair of gloves
SInv    .            (no boots)
Will    .....        (no amulet)
Stlth   ++           (no ring)
HPRegen 0.23/turn    (no ring)
MPRegen 0.09/turn

%: no passive effects
@: no status effects
A: no striking features
a: no special abilities


You were on level 2 of the Dungeon.
You visited 1 branch of the dungeon, and saw 2 of its levels.

You collected 62 gold pieces.


   Skills:
 - Level 1.5 Fighting
 + Level 6.8 Ranged Weapons
 - Level 2.4 Dodging
 - Level 1.2 Stealth


You had 2 spell levels left.
You didn't know any spells.
Your spell library was empty.

Inventory:

Hand Weapons
 Y - a +0 shortbow (weapon)
Armour
 c - a +0 leather armour (worn)
 d - a +0 helmet (worn)
 m - a +0 pair of gloves (worn)
Scrolls
 g - 3 scrolls of identify
Potions
 a - a potion of mutation {unknown}
 i - a potion of brilliance {unknown}
 j - a potion of magic {unknown}
 l - a potion of resistance {unknown}

Dungeon Overview and Level Annotations

Branches:
Dungeon (2/15)

Altars:

Shops:
D:1 :

Annotations:
D:2 Sigmund


Message History

The bat hits you but does no damage.
You shoot an arrow. The arrow misses the bat.
The bat closely misses you.
You shoot an arrow. The arrow hits the bat!
You kill the bat!
Found a book of Minor Magic.
Enter note:
Found 4 javelins.
Enter note: Sigmund the Dreaded comes into view.
He is wielding a +2 scythe of freezing.
Enter note: You shoot an arrow.
The arrow hits Sigmund.
Sigmund shouts!
Sigmund is lightly wounded.
You shoot an arrow. The arrow closely misses Sigmund.
You shoot an arrow. The arrow hits Sigmund.
Sigmund is moderately wounded.
Sigmund casts a spell at you.
You are confused.
Sigmund says, "Now you see me, now you don't..."
Sigmund casts a spell at you. You resist with some effort.
Sigmund closely misses you.
You feel less confused.
Sigmund hits you from afar with a +2 scythe of freezing!
Sigmund freezes you.
You shoot an arrow. The arrow hits Sigmund!
Sigmund is heavily wounded.
Sigmund closely misses you.
You shoot an arrow. The arrow barely misses Sigmund.
Sigmund mumbles some strange words.
Sigmund flickers and vanishes!
Deactivating autopickup; reactivate with Ctrl-A.
You shoot an arrow. Something hits you! Something freezes you.
You shoot an arrow. You shoot an arrow.
A magic dart appears from out of thin air!
The magic dart hits you.
You die...

. .. .# #.# #.# .#######
.. .......(...
#......##..## #....#.....
#.....<#......#.........#
.......#(# #..#.........#
.....%.#.# #......{.....#
.......#.###....#.......#
#........#......@.......#
#.......##..............#
#.......................#
#.......................#
######.#......###........
###.#.....##..........
#...#....##...........
.###.##....##.........:.#
..........##.............


There were no monsters in sight!

Vanquished Creatures
  An adder (D:2)
  3 ball pythons
  5 bats
  5 endoplasms (D:1)
  3 goblins
  A kobold (D:1)
  3 quokkas (D:1)
  A frilled lizard (D:1)
  2 rats (D:2)
24 creatures vanquished.

Notes
Turn   | Place    | Note
-------+----------+-------------------------------------------
     0 | D:1      | qw the Deep Elf Hunter began the quest for the Orb.
     0 | D:1      | Reached XP level 1. HP: 12/12 MP: 3/3
     0 | D:1      | 0 ||| qw: Version: 0.3-a-22-g0ed2b0b
     0 | D:1      | 0 ||| qw: Game counter: 6353
     0 | D:1      | 0 ||| qw: Melee chars always use a shield: true
     0 | D:1      | 0 ||| qw: God list: Okawaru
     0 | D:1      | 0 ||| qw: Allow faded altars: false
     0 | D:1      | 0 ||| qw: Do Orc after clearing Dungeon:15 true
     0 | D:1      | 0 ||| qw: Do second Lair branch before Depths: true
     0 | D:1      | 0 ||| qw: Lair rune preference: random
     0 | D:1      | 0 ||| qw: Goals: Normal
     0 | D:1      | 0 ||| PLANNING D:1-11
   133 | D:1      | Reached XP level 2. HP: 16/16 MP: 4/4
   142 | D:1      | Reached skill level 6 in Ranged Weapons
   274 | D:1      | Found Haer's Book Boutique.
   558 | D:1      | 558 ||| UPGRADING to +0 helmet.
   563 | D:1      | 563 ||| UPGRADING to +0 pair of gloves.
   568 | D:1      | 568 ||| DROPPING ring of wizardry.
   569 | D:1      | 569 ||| READING scroll labelled URULAO RALIPT.
   570 | D:1      | 570 ||| READING 2 scrolls labelled FESYCUSMAL.
   571 | D:1      | 571 ||| READING scroll labelled GUHASTR CEAQEA.
   572 | D:1      | 572 ||| READING scroll labelled ICSIME VECAZ.
   573 | D:1      | 573 ||| READING scroll labelled AJUHEIPREU.
   574 | D:1      | 574 ||| DROPPING scroll of butterflies.
   677 | D:2      | 677 ||| Stepping ~*~*~tactically~*~*~ (water).
   689 | D:2      | Reached XP level 3. HP: 20/20 MP: 5/5
   706 | D:2      | Noticed Sigmund
   719 | D:2      | HP: 4/20 [something (7)]
   719 | D:2      | HP: 1/20 [something (3)]
   721 | D:2      | Killed from afar by Sigmund

Levels and vault maps discovered:
D:1:      nagdon_arrival_zigzag_paths, layout_loops_ring, serial_shops,
          nicolae_shop_pleasant_corner_grove
D:2:      layout_rooms, hellmonk_ecumenical_altar_watching_god,
          hangedman_decor_riveting, nrook_mini_backslash,
          chequers_serial_rivers_large_b, uniq_sigmund

Skill      XL: |  1  2 |
---------------+-------+-----
Ranged Weapons | 6 |  6.8
Fighting       | |  1.5
Dodging        | |  2.4
Stealth        | |  1.2

Action                     || total
---------------------------++-------
   Fire: Shortbow          ||    61
    Use: Scroll            ||     5
 Armour: Leather armour    ||     9
  Dodge: Dodged            ||    19

Table legend:
 A = Non-vault XP
 B = Vault XP
 C = Vault XP percentage of total XP
 D = Non-vault monster count
 E = Vault monster count
 F = Vault count percentage of total count
                 A         B        C        D         E       F
            +---------+---------+-------+---------+---------+-------
      Total |      54 |       0 |   0.0 |      24 |       0 |   0.0
            +---------+---------+-------+---------+---------+-------
        D:1 |      33 |       0 |   0.0 |      18 |       0 |   0.0
        D:2 |      21 |       0 |   0.0 |       6 |       0 |   0.0
            +---------+---------+-------+---------+---------+-------
